AoeStats
← domiknocker

Arena

510502642Analyzed
4v4 RM · 13h ago on Oct 1, 2026· 36m 26s· 8 players
Game mode
Random Map
Map size
Large (8 player)
Population
200
Speed
Normal
Resources
Standard
Victory
Conquest
Starting age
Dark Age
Ending age
Imperial Age
RankedLock teamsTeams togetherTeam positionsShared explorationLock speedFull tech treeHidden civsTurbo modeCheats
Victory
Defeat
🇦🇺 Poles · Australia
1183
+11
🇦🇺 Koreans · Australia
1127
+13
🇩🇪 Celts · Germany
1011
+16
🇩🇪 Turks · Germany
995
+17
🇰🇷 Koreans · South Korea
1069
-15
🇺🇸 Hindustanis · United States
1068
-15
🇨🇳 Khmer · China
1042
-14
🇦🇺 Mongols · Australia
1019
-13
ArkumKnight007
10:05 Feudal Age
10:32 Double-Bit Axe
10:53 Horse Collar
13:31 Loom
17:16 Castle Age
15:53 Gold Mining
16:10 Stone Mining
20:26 Bow Saw
21:38 Heavy Plow
23:56 Wheelbarrow
23:22 Loom
24:28 Fletching
25:12 Bloodlines
25:04 Husbandry
25:52 Forging
28:43 Hand Cart
32:26 Imperial Age
30:31 Scale Barding Armor
31:13 Murder Holes
31:51 Grand Trunk Road
33:23 Iron Casting
32:56 Heavy Camel Rider
33:35 Bodkin Arrow
34:56 Chemistry
35:51 Blast Furnace
36:26 Chain Barding Armor
35:29 Imperial Camel Rider
HaBeeMo
7:01 Loom
378080739
0:29 Loom
13:45 Feudal Age
17:32 Castle Age
20:55 Stone Mining
20:52 Double-Bit Axe
20:49 Horse Collar
21:03 Gold Mining
25:19 Bow Saw
31:41 Imperial Age
31:14 Gold Shaft Mining
31:18 Wheelbarrow
31:24 Stone Shaft Mining
30:56 Heavy Plow
31:46 Elite Ballista Elephant
32:28 Double Crossbow
32:55 Ballistics
32:41 Fletching
33:38 Hand Cart
35:48 Chemistry
domiknocker
10:01 Feudal Age
11:15 Double-Bit Axe
12:31 Loom
20:54 Arson
25:07 Castle Age
oegel
12:31 Feudal Age
13:34 Horse Collar
13:42 Double-Bit Axe
14:55 Loom
17:39 Castle Age
16:39 Gold Mining
19:19 Wheelbarrow
18:57 Heavy Plow
21:48 Gold Shaft Mining
22:18 Bow Saw
23:16 Hand Cart
23:18 Pikeman
24:23 Scale Mail Armor
31:47 Imperial Age
29:30 Forging
31:03 Chain Mail Armor
31:24 Iron Casting
31:53 Arson
32:53 Furor Celtica
33:08 Conscription
33:09 Heavy Scorpion
34:37 Caravan
34:28 Halberdier
34:55 Capped Ram
Houseington
10:38 Feudal Age
15:37 Castle Age
14:47 Horse Collar
15:14 Double-Bit Axe
17:09 Bow Saw
18:45 Loom
19:52 Heavy Plow
21:17 Stone Mining
24:55 Wheelbarrow
27:25 Gold Mining
30:35 Imperial Age
28:23 Hand Cart
28:27 Bloodlines
28:18 Husbandry
29:20 Stone Shaft Mining
28:55 Scale Barding Armor
29:02 Szlachta Privileges
29:20 Forging
30:02 Chain Barding Armor
30:34 Town Watch
31:37 Iron Casting
31:30 Cavalier
33:21 Crop Rotation
32:53 Town Patrol
33:55 Blast Furnace
35:30 Conscription
Scythian Wild Woman
8:30 Feudal Age
8:34 Loom
9:26 Double-Bit Axe
9:24 Horse Collar
12:19 Fletching
14:46 Town Watch
19:57 Castle Age
21:01 Bodkin Arrow
22:52 Bow Saw
27:27 Wheelbarrow
36:02 Imperial Age
34:46 Hand Cart
Kommissar Oberst Maugh
13:29 Feudal Age
18:14 Castle Age
17:00 Bloodlines
19:19 Forging
21:21 Gold Mining
21:28 Double-Bit Axe
22:33 Scale Barding Armor
24:14 Iron Casting
24:55 Bow Saw
28:00 Wheelbarrow
28:19 Chain Barding Armor
28:58 Hand Cart
28:32 Horse Collar
30:13 Gold Shaft Mining
31:06 Town Watch
31:55 Fletching
32:07 Husbandry
32:19 Town Patrol
32:22 Heavy Plow
32:12 Loom
33:05 Murder Holes
33:02 Stone Mining
35:55 Imperial Age
34:27 Ballistics
34:25 Caravan
35:43 Bodkin Arrow
Connection lost

Rejoining the realm…

Still unreachable

The connection could not be restored.

Session expired

The server has moved on; the page needs a fresh start.